 Dungeon Crawl Stone Soup version 0.17-a0-1446-gc28613e (webtiles) character file.

879 matakusis the Thaumaturge (level 7, 0/36 HPs)
             Began as a Deep Elf Wizard on June 28, 2015.
             Was an Initiate of Sif Muna.
             Succumbed to a killer bee's poison
             ... on level 7 of the Dungeon.
             The game lasted 01:10:33 (7834 turns).

matakusis the Thaumaturge (Deep Elf Wizard)         Turns: 7834, Time: 01:10:34

Health: 0/36       AC:  4    Str: 13    XL:     7   Next: 75%
Magic:  2/21       EV: 13    Int: 25    God:    Sif Muna [......]
Gold:   281        SH:  0    Dex: 18    Spells: 6 memorised, 9 levels left

rFire  . . .     SeeInvis .     o - +3 dagger "Elf's Foe" {venom, Str+4 Dex+5 Stlth+}
rCold  . . .     Clarity  .     a - +0 robe
rNeg   + . .     SustAt   .     (no shield)
rPois  .         Gourm    .     b - +1 hat
rElec  .         Spirit   +     k - +0 cloak
rCorr  .         Warding  .     (no gloves)
rMut   .         Stasis   .     (no boots)
MR     .....                    l - amulet of guardian spirit
Stlth  +++.......               s - ring of wizardry
                                m - ring of positive energy

@: mighty, lethally poisoned (0 -> -7), very slightly contaminated, not
resistant to hostile enchantments, fairly stealthy
A: no striking features
a: Renounce Religion


You were on level 7 of the Dungeon.
You worshipped Sif Muna.
Sif Muna was noncommittal.
You were very full.

You visited 2 branches of the dungeon, and saw 8 of its levels.

You collected 281 gold pieces.

Inventory:

Hand weapons
 o - the +3 dagger "Elf's Foe" (weapon) {venom, Str+4 Dex+5 Stlth+}
   (You took it off a centaur on level 4 of the Dungeon)

   It poisons the flesh of those it strikes.
   It affects your strength (+4).
   It affects your dexterity (+5).
   It makes you more stealthy.
Missiles
 u - 28 poisoned needles (quivered)
 z - 2 curare-tipped needles
Armour
 a - a +0 robe (worn)
 b - a +1 hat (worn)
 k - a +0 cloak (worn)
Jewellery
 l - an amulet of guardian spirit (around neck)
 m - a ring of positive energy (left hand)
 n - an uncursed amulet of guardian spirit
 s - a ring of wizardry (right hand)
Magical devices
 r - a wand of confusion (48)
Scrolls
 g - 7 scrolls of identify
 h - 2 scrolls of remove curse
 i - a scroll of enchant weapon {unknown}
 j - a scroll of brand weapon {unknown}
 q - a scroll of teleportation
 v - a scroll of immolation
 y - 2 scrolls of fear
Potions
 f - 2 potions of haste
 x - 2 potions of might
Books
 c - a book of Minor Magic

   Spells                             Type                      Level
   a - Magic Dart                     Conjuration                  1
   b - Blink                          Translocation                2
   c - Call Imp                       Summoning                    2
   d - Repel Missiles                 Charms/Air                   2
   e - Slow                           Hexes                        2
   f - Conjure Flame                  Conjuration/Fire             3
   g - Mephitic Cloud                 Conjuration/Poison/Air       3
 e - a book of Battle

   Spells                             Type                      Level
   a - Infusion                       Charms                       1
   b - Shroud of Golubria             Charms/Translocation         2
   c - Song of Slaying                Charms                       2
   d - Spectral Weapon                Hexes/Charms                 3
   e - Regeneration                   Charms/Necromancy            3
 w - a book of Geomancy

   Spells                             Type                      Level
   a - Sandblast                      Earth                        1
   b - Stoneskin                      Transmutation/Earth          2
   c - Passwall                       Transmutation/Earth          3
   d - Stone Arrow                    Conjuration/Earth            3
   e - Petrify                        Transmutation/Earth          4
   f - Lee's Rapid Deconstruction     Earth                        5
Comestibles
 d - 9 bread rations
 p - a royal jelly


   Skills:
 - Level 2.6 Dodging
 - Level 2.4 Stealth
 + Level 8.5 Spellcasting
 * Level 4.0 Conjurations
 * Level 2.8 Charms
 + Level 4.9 Summonings
 - Level 1.1 Translocations
 - Level 2.5 Fire Magic


You had 9 spell levels left.
You knew the following spells:

 Your Spells              Type           Power        Failure   Level  Hunger
a - Magic Dart            Conj           ####         1%          1    None
b - Call Imp              Summ           #####...     1%          2    None
c - Blink                 Tloc           N/A          3%          2    None
d - Conjure Flame         Conj/Fire      ####....     2%          3    None
e - Regeneration          Chrm/Necr      ###.......   4%          3    None
f - Passwall              Trmt/Erth      ##........   7%          3    None


Dungeon Overview and Level Annotations

Branches:
Dungeon (7/15)             Temple (1/1) D:6

Altars:
Ashenzari
Cheibriados
Dithmenos
Fedhas
Gozag
Kikubaaqudgha
Makhleb
Nemelex Xobeh
Qazlal
Ru
Sif Muna
Trog
Vehumet
Xom
Yredelemnul
Zin


Message History

You feel sick. The killer bee closely misses you.
Your surroundings suddenly seem different.
* * * LOW HITPOINT WARNING * * *
You feel sick.
Found an escape hatch in the floor.
A giant gecko comes into view.
Unknown command.
Casting: Blink
Confirm with . or Enter, or press ? or * to list all spells.
Okay, then.
You feel very mighty all of a sudden.
* * * LOW HITPOINT WARNING * * *
You feel sick.
As you read the scroll labeled WIFFETI GE JOCK, it crumbles to dust.
It is a scroll of recharging.
Charge which item? (? for menu, Esc to quit)
Your wand of confusion glows for a moment.
* * * LOW HITPOINT WARNING * * *
You feel sick.
You die...

#y......#
#ยง#####.#
...
#.#...#.#
..# 5..# ..
>.# #.## .##
..# #.# (.
.l# #.# .. #
..# ##. #.
#.###..####
#
#..@......#
#####.......
## .###.##
.# ## .##
..## ...#
..## ..#


There were no monsters in sight!

Vanquished Creatures
  A sky beast (D:7)
  Blork the orc (D:5)
  2 crimson imps
  3 orc wizards (D:5)
  An iguana (D:5)
  A worker ant (D:5)
  A hound skeleton (D:4)
  4 adders
  6 orcs
  9 bats
  3 bat skeletons (D:5)
  4 giant cockroaches
  6 hobgoblins
  A jackal (D:6)
  5 giant geckos
  4 giant newts
  4 goblins
  14 kobolds
  2 quokkas
  6 rats
78 creatures vanquished.

Vanquished Creatures (collateral kills)
  Sigmund (D:2)
  A centaur (D:4)
  A giant frog (D:6)
  A scorpion (D:4)
  3 orc priests
  A hound (D:3)
  2 jellies
  An orc wizard (D:6)
  3 worker ants
  3 gnolls (D:3)
  A worker ant zombie (D:5)
  5 adders
  4 worms
  9 orcs
  A bat skeleton (D:6)
  4 giant cockroaches
  5 goblins
  4 hobgoblins
  8 jackals
  2 bats
  A kobold (D:1)
  2 rats
63 creatures vanquished.

Grand Total: 141 creatures vanquished

Notes
Turn   | Place    | Note
--------------------------------------------------------------
     0 | D:1      | matakusis the Deep Elf Wizard began the quest for the Orb.
     0 | D:1      | Reached XP level 1. HP: 10/10 MP: 7/7
   204 | D:1      | Reached skill level 5 in Spellcasting
   208 | D:1      | Reached XP level 2. HP: 15/15 MP: 3/10
   212 | D:1      | Learned a level 2 spell: Call Imp
   215 | D:1      | Learned a level 2 spell: Blink
   984 | D:2      | Noticed Sigmund
  1006 | D:2      | Killed Sigmund
  1006 | D:2      | Reached XP level 3. HP: 12/19 MP: 0/12
  1006 | D:2      | Reached XP level 4. HP: 15/24 MP: 0/13
  1016 | D:2      | Learned a level 3 spell: Conjure Flame
  1485 | D:2      | Reached skill level 6 in Spellcasting
  1784 | D:2      | Reached skill level 1 in Fire Magic
  1984 | D:2      | Reached XP level 5. HP: 28/28 MP: 13/15
  2361 | D:3      | Found a blossoming altar of Fedhas.
  2361 | D:3      | Found a snail-covered altar of Cheibriados.
  2367 | D:3      | Found a radiant altar of Vehumet.
  2680 | D:3      | Found a sacrificial altar of Ru.
  3227 | D:4      | Found a sacrificial altar of Ru.
  3429 | D:4      | Noticed a centaur
  3440 | D:4      | Killed a centaur
  3711 | D:4      | Got an uncursed slimy dagger {venom}
  3712 | D:4      | Identified the +3 dagger "Elf's Foe" {venom, Str+4 Dex+5 Stlth+} (You took it off a centaur on level 4 of the Dungeon)
  3823 | D:4      | Reached XP level 6. HP: 32/32 MP: 13/17
  4164 | D:5      | Entered Level 5 of the Dungeon
  4222 | D:5      | Reached skill level 7 in Spellcasting
  4682 | D:5      | Learned a level 3 spell: Regeneration
  4816 | D:5      | Reached skill level 1 in Charms
  4826 | D:5      | Noticed Blork the orc
  4891 | D:5      | Killed Blork the orc
  4891 | D:5      | Reached XP level 7. HP: 34/36 MP: 4/19
  5731 | D:6      | Found a staircase to the Ecumenical Temple.
  5755 | Temple   | Entered the Ecumenical Temple
  6078 | Temple   | Became a worshipper of Sif Muna the Loreminder
  6170 | D:6      | Learned a level 3 spell: Passwall
  6236 | D:6      | Found a bloodstained altar of Trog.
  6239 | D:6      | Found a burning altar of Makhleb.
  6242 | D:6      | Found a sparkling altar of Nemelex Xobeh.
  6265 | D:6      | Found a shimmering altar of Xom.
  6327 | D:6      | Reached skill level 8 in Spellcasting
  7833 | D:7      | HP: 1/36 [poisoned by a killer bee]
  7834 | D:7      | Succumbed to a killer bee's poison

Vault maps used:
D:1:      minmay_arrival_wavy_path
D:2:      uniq_sigmund
D:3:      minitemple, nicolae_ru_sacrificial_ziggurat
D:4:      overflow_temple_1_default, first_bread
D:5:      minmay_misc_feat_cross, small_statue_intersection, uniq_blork_the_orc
D:6:      grunt_temple_overflow_cloverleaf, minmay_temple_entry_trees
Temple:   jpeg_temple_alley_garden_8

Action                   |  1- 3 |  4- 6 |  7- 9 || total
-------------------------+-------+-------+-------++-------
Melee: Unarmed           |       |     5 |       ||     5
       Dagger            |       |    36 |    17 ||    53
 Cast: Magic Dart        |    33 |   111 |    38 ||   182
       Call Imp          |    15 |    69 |    38 ||   122
       Blink             |       |    12 |     8 ||    20
       Conjure Flame     |       |       |     1 ||     1
       Passwall          |       |       |     1 ||     1
  Use: Scroll            |       |     8 |     3 ||    11
       Potion            |       |     7 |     2 ||     9
 Stab: Sleeping          |       |     1 |     1 ||     2
  Eat: Chunk             |       |     6 |     5 ||    11
       Fruit             |       |     2 |       ||     2
       Meat ration       |       |     1 |     2 ||     3
       Beef jerky        |       |       |     2 ||     2
